HSSL
BISHOP AMAT HS @ TULSA HS AS
05/06/2028
 
TOP OF THE 1ST
Bishop Amat HS batting - Pitching for Tulsa HS As : RHP Tomás Granados
Pitching: RHP Tomás Granados
Batting: RHB Ralph Petit 0-0: SINGLE (Groundball, 6MD)
Batting: RHB Louis García 0-0: Called Strike
0-1: Ball
1-1: Fly out, F8 (Flyball, 8LM)
Batting: RHB Geoffrey Bishop 0-0: Called Strike
0-1: Ball
1-1: Ball
2-1: Ball
3-1: Foul Ball, location: 2F
3-2: Foul Ball, location: 2F
3-2: Base on Balls
Ralph Petit to second
Batting: RHB Mike Best 0-0: Ball
1-0: SINGLE (Flyball, 8RS)
Ralph Petit to third
Geoffrey Bishop to second
Runner from 3rd tries for Home, SAFE, no throw
Batting: RHB Bill Bailey 0-0: Called Strike
0-1: Ball
1-1: Ball
2-1: Foul Ball, location: 2F
2-2: Fly out, F8 (Flyball, 8RS)
Batting: LHB Adam Roberts 0-0: Ball
1-0: Fly out, F6 (Popup, 56D)
Top of the 1st over - 1 run(s), 2 hit(s), 0 error(s), 2 left on base; Bishop Amat HS 1 - Tulsa HS 0
BOTTOM OF THE 1ST
Tulsa HS As batting - Pitching for Bishop Amat HS : RHP Bryan Martínez
Pitching: RHP Bryan Martínez
Batting: RHB Grant Kelly 0-0: Called Strike
0-1: Fly out, F9 (Flyball, 9)
Batting: LHB Matt Clark 0-0: SINGLE (Line Drive, 6D)
Batting: RHB Ralph Young 0-0: Ball
1-0: Ball
Error on foul ball, E3
2-1: Foul Ball, location: 2F
2-2: SINGLE (Line Drive, 4MD)
Matt Clark to second
Batting: SHB José Hernández 0-0: Foul Ball, location: 2F
0-1: SINGLE (Groundball, 4) (infield hit)
Matt Clark to third
Ralph Young to second
Batting: LHB Tim Black 0-0: Swinging Strike
0-1: Ball
1-1: Foul Ball, location: 2F
1-2: Fly out, F8 (Flyball, 78S)
Runner from 3rd tags up, SCORES, no throw
Batting: LHB Chris Smith 0-0: Called Strike
0-1: Called Strike
0-2: Strikes out swinging
Bottom of the 1st over - 1 run(s), 3 hit(s), 1 error(s), 2 left on base; Bishop Amat HS 1 - Tulsa HS 1
TOP OF THE 2ND
Bishop Amat HS batting - Pitching for Tulsa HS As : RHP Tomás Granados
Batting: LHB Ralph King 0-0: Ball
1-0: Swinging Strike
1-1: Swinging Strike
1-2: Strikes out swinging
Batting: RHB Andrew Miller 0-0: Foul Ball, location: 2F
0-1: Foul Ball, location: 2F
0-2: Strikes out looking
Batting: RHB Ken Pérez 0-0: Ball
1-0: Ball
2-0: Ball
3-0: Base on Balls
Batting: RHB Ralph Petit 0-0: SINGLE (Line Drive, 89S)
Ken Pérez to second
Batting: RHB Louis García 0-0: Called Strike
0-1: Foul Ball, location: 2F
0-2: Strikes out swinging
Top of the 2nd over - 0 run(s), 1 hit(s), 0 error(s), 2 left on base; Bishop Amat HS 1 - Tulsa HS 1
BOTTOM OF THE 2ND
Tulsa HS As batting - Pitching for Bishop Amat HS : RHP Bryan Martínez
Batting: RHB Joe Lord 0-0: Ball
1-0: Called Strike
1-1: Foul Ball, location: 2F
1-2: DOUBLE (Flyball, 78M)
Batting: RHB Trent Rowe 0-0: Called Strike
0-1: Foul Ball, location: 2F
0-2: Ball
1-2: Foul Ball, location: 2F
1-2: Foul Ball, location: 2F
1-2: Strikes out swinging
Batting: RHB C.J. Pinnock 0-0: Ball
1-0: SINGLE (Line Drive, 89M)
Joe Lord to third
Throwing error, E8
Joe Lord scores
C.J. Pinnock to second
Batting: RHB Grant Kelly 0-0: Called Strike
0-1: Ball
1-1: SINGLE (Groundball, 6MD)
C.J. Pinnock to third
Runner from 3rd tries for Home, SAFE, no throw
Batting: LHB Matt Clark 0-0: Ball
1-0: Called Strike
1-1: Foul Ball, location: 2F
1-2: Strikes out swinging
Batting: RHB Ralph Young 0-0: Called Strike
0-1: Ball
1-1: Swinging Strike
1-2: Foul Ball, location: 2F
1-2: Ball
2-2: Ball
3-2: DOUBLE (Flyball, 8RM)
Grant Kelly to third
Grant Kelly scores
Batting: SHB José Hernández 0-0: Called Strike
0-1: Foul Ball, location: 2F
0-2: Ball
1-2: Foul Ball, location: 2F
1-2: Ball
2-2: Ball
3-2: Foul Ball, location: 2F
3-2: Base on Balls
Batting: LHB Tim Black 0-0: Called Strike
0-1: Ball
1-1: Called Strike
1-2: Ball
2-2: Strikes out looking
Bottom of the 2nd over - 3 run(s), 4 hit(s), 1 error(s), 2 left on base; Bishop Amat HS 1 - Tulsa HS 4
TOP OF THE 3RD
Bishop Amat HS batting - Pitching for Tulsa HS As : RHP Tomás Granados
Batting: RHB Geoffrey Bishop 0-0: Called Strike
0-1: Hit by Pitch
Batting: RHB Mike Best 0-0: Ball
1-0: Called Strike
1-1: Foul Ball, location: 2F
1-2: Ball
2-2: Foul Ball, location: 2F
2-2: Ball
3-2: Foul Ball, location: 2F
3-2: Foul Ball, location: 2F
3-2: Grounds into double play, 6-4-3 (Groundball, 56)
Batting: RHB Bill Bailey 0-0: Fly out, F2 (Popup, 13)
Top of the 3rd over - 0 run(s), 0 hit(s), 0 error(s), 0 left on base; Bishop Amat HS 1 - Tulsa HS 4
BOTTOM OF THE 3RD
Tulsa HS As batting - Pitching for Bishop Amat HS : RHP Bryan Martínez
Batting: LHB Chris Smith 0-0: Ball
1-0: Called Strike
1-1: Ball
2-1: Ball
3-1: Base on Balls
Batting: RHB Joe Lord 0-0: Foul Ball, location: 2F
0-1: Called Strike
0-2: Strikes out looking
Batting: RHB Trent Rowe 0-0: DOUBLE (Flyball, 78M)
Chris Smith to third
Runner from 3rd tries for Home, SAFE, throw made home
Batting: RHB C.J. Pinnock 0-0: Foul Ball, location: 2F
0-1: Ball
Wild Pitch!
Trent Rowe to third
1-1: Called Strike
1-2: Ball
2-2: Ball
3-2: Foul Ball, location: 2F
3-2: Fly out, F9 (Flyball, 9S)
Batting: RHB Grant Kelly 0-0: Fly out, F9 (Flyball, 9LM)
Bottom of the 3rd over - 1 run(s), 1 hit(s), 0 error(s), 1 left on base; Bishop Amat HS 1 - Tulsa HS 5
TOP OF THE 4TH
Bishop Amat HS batting - Pitching for Tulsa HS As : RHP Tomás Granados
Batting: LHB Adam Roberts 0-0: Swinging Strike
0-1: Ball
1-1: Ground out 3-1 (Groundball, 34)
Batting: LHB Ralph King 0-0: Ball
1-0: Ball
2-0: Called Strike
2-1: Foul Ball, location: 2F
2-2: Strikes out swinging
Batting: RHB Andrew Miller 0-0: Swinging Strike
0-1: Foul Ball, location: 2F
0-2: Ball
1-2: Ball
2-2: Foul Ball, location: 2F
2-2: Foul Ball, location: 2F
2-2: Foul Ball, location: 2F
2-2: Strikes out looking
Top of the 4th over - 0 run(s), 0 hit(s), 0 error(s), 0 left on base; Bishop Amat HS 1 - Tulsa HS 5
BOTTOM OF THE 4TH
Tulsa HS As batting - Pitching for Bishop Amat HS : RHP Bryan Martínez
Batting: LHB Matt Clark 0-0: SINGLE (Groundball, 4MD)
Batting: RHB Ralph Young 0-0: Ball
1-0: Called Strike
1-1: Foul Ball, location: 2F
1-2: Foul Ball, location: 2F
1-2: Grounds into double play, 6-4-3 (Groundball, 6)
Batting: SHB José Hernández 0-0: SOLO HOME RUN (Flyball, 9D), Distance : 390 ft
Batting: LHB Tim Black 0-0: Called Strike
0-1: Called Strike
0-2: Strikes out swinging
Bottom of the 4th over - 1 run(s), 2 hit(s), 0 error(s), 0 left on base; Bishop Amat HS 1 - Tulsa HS 6
TOP OF THE 5TH
Bishop Amat HS batting - Pitching for Tulsa HS As : RHP Tomás Granados
Batting: RHB Ken Pérez 0-0: Foul Ball, location: 2F
0-1: Ball
1-1: Ball
2-1: Ball
3-1: Swinging Strike
3-2: DOUBLE (Line Drive, 89D)
Batting: RHB Ralph Petit 0-0: Ball
1-0: Ball
2-0: SINGLE (Groundball, 6MS) (infield hit)
Ken Pérez to third
Batting: RHB Louis García 0-0: Ball
Ralph Petit steals 2nd base
1-0: Called Strike
1-1: Ball
2-1: Foul Ball, location: 2F
2-2: SINGLE (Groundball, 6S) (infield hit)
Ken Pérez scores
Ralph Petit to third
Batting: RHB Geoffrey Bishop 0-0: Ball
Louis García steals 2nd base
1-0: Called Strike
1-1: Called Strike
1-2: Ball
2-2: 3-RUN HOME RUN (Flyball, 7D), Distance : 382 ft
Pitching: RHP Troy Roberson
Batting: RHB Mike Best 0-0: Ball
1-0: Ball
2-0: Single, Error in OF, E8, batter to second base
Batting: RHB Bill Bailey 0-0: Called Strike
0-1: Swinging Strike
0-2: Strikes out swinging
Batting: LHB Adam Roberts 0-0: Called Strike
0-1: Fly out, F9 (Flyball, 9LMF)
Batting: LHB Ralph King 0-0: Swinging Strike
0-1: Called Strike
0-2: Fly out, F7 (Flyball, 7S)
Top of the 5th over - 4 run(s), 5 hit(s), 1 error(s), 1 left on base; Bishop Amat HS 5 - Tulsa HS 6
BOTTOM OF THE 5TH
Tulsa HS As batting - Pitching for Bishop Amat HS : RHP Bryan Martínez
Pitching: RHP Bob Schultz
Batting: LHB Chris Smith 0-0: Ball
1-0: Ball
2-0: Ball
3-0: Called Strike
3-1: Base on Balls
Batting: RHB Joe Lord 0-0: Called Strike
0-1: Ball
1-1: Ball
2-1: Called Strike
2-2: Ball
3-2: Foul Ball, location: 2F
3-2: Base on Balls
Chris Smith to second
Batting: RHB Trent Rowe 0-0: Ball
1-0: Called Strike
1-1: Called Strike
1-2: Foul Ball, location: 2F
1-2: Foul Ball, location: 2F
1-2: Strikes out looking
Batting: RHB C.J. Pinnock 0-0: Ball
1-0: Called Strike
1-1: DOUBLE (Line Drive, 78D)
Chris Smith scores
Joe Lord to third
Runner from 3rd tries for Home, SAFE, throw made home
Batting: RHB Grant Kelly 0-0: Intentional Walk
Batting: LHB Matt Clark 0-0: Called Strike
0-1: Foul Ball, location: 2F
0-2: Strikes out swinging
Batting: RHB Ralph Young 0-0: 3-RUN HOME RUN (Flyball, 8LXD), Distance : 442 ft
Pitching: LHP Bob Davis
Batting: SHB José Hernández 0-0: SINGLE (Line Drive, 89S)
Batting: LHB Tim Black 0-0: Ball
1-0: Foul Ball, location: 2F
1-1: Ball
2-1: SINGLE (Groundball, 4MD)
José Hernández to second
Batting: LHB Chris Smith 0-0: Called Strike
0-1: Ball
1-1: Ball
2-1: Ball
3-1: Called Strike
3-2: Base on Balls
José Hernández to third
Tim Black to second
Batting: RHB Joe Lord 0-0: Ball
1-0: Ball
2-0: Ball
3-0: Called Strike
3-1: Called Strike
3-2: SINGLE (Flyball, 8RS)
José Hernández scores
Tim Black to third
Chris Smith to second
Tim Black scores
Chris Smith to third
Batting: RHB Trent Rowe 0-0: Called Strike
0-1: Ball
1-1: Foul Ball, location: 2F
1-2: Ball
2-2: Ball
3-2: Foul Ball, location: 2F
3-2: Ground out 4-3 (Groundball, 4)
Bottom of the 5th over - 7 run(s), 5 hit(s), 0 error(s), 2 left on base; Bishop Amat HS 5 - Tulsa HS 13
TOP OF THE 6TH
Bishop Amat HS batting - Pitching for Tulsa HS As : RHP Troy Roberson
Batting: RHB Andrew Miller 0-0: Ball
1-0: Called Strike
1-1: Ball
2-1: Ball
3-1: Base on Balls
Batting: RHB Ken Pérez 0-0: Foul Ball, location: 2F
0-1: Called Strike
0-2: Strikes out swinging
Batting: RHB Ralph Petit 0-0: Ball
1-0: Fielders Choice at 2nd, 1-6 (Groundball, 13S)
Batting: RHB Louis García 0-0: Ball
Ralph Petit steals 2nd base
1-0: Ball
2-0: Foul Ball, location: 2F
2-1: Ball
3-1: Base on Balls
Batting: RHB Geoffrey Bishop 0-0: Ball
1-0: Ball
Wild Pitch!
Ralph Petit to third
Louis García to second
2-0: Foul Ball, location: 2F
2-1: Ball
3-1: SINGLE (Groundball, 34D)
Ralph Petit scores
Louis García to third
Runner from 3rd tries for Home, SAFE, no throw
Batting: RHB Mike Best 0-0: Foul Ball, location: 2F
0-1: Swinging Strike
0-2: Ball
1-2: Foul Ball, location: 2F
1-2: Fly out, F9 (Flyball, 9LM)
Top of the 6th over - 2 run(s), 1 hit(s), 0 error(s), 1 left on base; Bishop Amat HS 7 - Tulsa HS 13
BOTTOM OF THE 6TH
Tulsa HS As batting - Pitching for Bishop Amat HS : LHP Bob Davis
Batting: RHB C.J. Pinnock 0-0: Ground out 6-3 (Groundball, 6)
Batting: RHB Grant Kelly 0-0: Called Strike
0-1: Called Strike
0-2: Foul Ball, location: 2F
0-2: Ball
1-2: Ball
2-2: Ground out 5-3 (Groundball, 56)
Batting: LHB Matt Clark 0-0: Foul Ball, location: 2F
0-1: Fly out, F7 (Line Drive, 7)
Bottom of the 6th over - 0 run(s), 0 hit(s), 0 error(s), 0 left on base; Bishop Amat HS 7 - Tulsa HS 13
TOP OF THE 7TH
Bishop Amat HS batting - Pitching for Tulsa HS As : RHP Troy Roberson
Pitching: LHP Joe Kirk
Batting: RHB Bill Bailey 0-0: Ball
1-0: Swinging Strike
1-1: Ball
2-1: Ball
3-1: Base on Balls
Batting: LHB Adam Roberts 0-0: Fielders Choice at 2nd, 6-4 (Groundball, 6)
Batting: LHB Ralph King 0-0: Ball
1-0: Foul Ball, location: 2F
1-1: SINGLE (Flyball, 78S)
Adam Roberts to second
Batting: RHB Andrew Miller 0-0: Called Strike
0-1: Ball
1-1: Called Strike
1-2: Ball
2-2: Foul Ball, location: 2F
2-2: Strikes out swinging
Batting: RHB Ken Pérez 0-0: Ball
Wild Pitch!
Adam Roberts to third
Ralph King to second
1-0: Swinging Strike
1-1: Ball
2-1: SINGLE (Flyball, 89S)
Adam Roberts scores
Ralph King to third
Runner from 3rd tries for Home, SAFE, no throw
Pitching: RHP Raúl Díaz
Batting: RHB Ralph Petit 0-0: Fly out, F6 (Line Drive, 6M)
Top of the 7th over - 2 run(s), 2 hit(s), 0 error(s), 1 left on base; Bishop Amat HS 9 - Tulsa HS 13
BOTTOM OF THE 7TH
Tulsa HS As batting - Pitching for Bishop Amat HS : LHP Bob Davis
Pitching: RHP Phil Dennis
Batting: RHB Ralph Young 0-0: Called Strike
0-1: Ball
1-1: Ball
2-1: Swinging Strike
2-2: Ball
3-2: Base on Balls
Batting: SHB José Hernández 0-0: Ball
1-0: Foul Ball, location: 2F
1-1: 2-RUN HOME RUN (Flyball, 8LXD), Distance : 448 ft
Batting: LHB Tim Black 0-0: Swinging Strike
0-1: Ball
1-1: Called Strike
1-2: Foul Ball, location: 2F
1-2: Foul Ball, location: 2F
1-2: Foul Ball, location: 2F
1-2: Ball
2-2: Strikes out swinging
Batting: LHB Chris Smith 0-0: Called Strike
0-1: Ball
1-1: Fly out, F8 (Flyball, 78S)
Batting: RHB Joe Lord 0-0: Called Strike
0-1: Ball
1-1: Ball
2-1: Ball
3-1: Base on Balls
Batting: RHB Trent Rowe 0-0: Ball
1-0: Ball
2-0: Called Strike
2-1: 2-RUN HOME RUN (Flyball, 78XD), Distance : 403 ft
Pitching: RHP Richard Castle
Batting: RHB C.J. Pinnock 0-0: Ball
1-0: Fly out, F6 (Popup, 6MS)
Bottom of the 7th over - 4 run(s), 2 hit(s), 0 error(s), 0 left on base; Bishop Amat HS 9 - Tulsa HS 17
TOP OF THE 8TH
Bishop Amat HS batting - Pitching for Tulsa HS As : RHP Raúl Díaz
Now at 1B: Bobby Howard
Now in LF: Daniel Lee
Batting: RHB Louis García 0-0: Called Strike
0-1: Ball
1-1: Foul Ball, location: 2F
1-2: Ball
2-2: Ball
3-2: Foul Ball, location: 2F
3-2: Ground out 4-3 (Groundball, 4)
Batting: RHB Geoffrey Bishop 0-0: Ball
1-0: Foul Ball, location: 2F
1-1: Swinging Strike
1-2: Foul Ball, location: 2F
1-2: SINGLE (Line Drive, 6MD)
Batting: RHB Mike Best 0-0: Ball
1-0: Ball
2-0: Called Strike
2-1: Fly out, F9 (Flyball, 89M)
Batting: RHB Bill Bailey 0-0: Called Strike
0-1: Swinging Strike
0-2: Strikes out swinging
Top of the 8th over - 0 run(s), 1 hit(s), 0 error(s), 1 left on base; Bishop Amat HS 9 - Tulsa HS 17
BOTTOM OF THE 8TH
Tulsa HS As batting - Pitching for Bishop Amat HS : RHP Richard Castle
Batting: RHB Grant Kelly 0-0: Called Strike
0-1: Ground out 5-3 (Groundball, 5)
Batting: LHB Matt Clark 0-0: Ball
1-0: Foul Ball, location: 2F
1-1: Ball
2-1: Swinging Strike
2-2: Ball
3-2: Ground out 4-3 (Groundball, 4M)
Batting: RHB Ralph Young 0-0: Ball
1-0: Foul Ball, location: 2F
1-1: Ball
2-1: Called Strike
2-2: Foul Ball, location: 2F
2-2: TRIPLE (Flyball, 89M)
Batting: SHB José Hernández 0-0: Swinging Strike
0-1: Foul Ball, location: 2F
0-2: Foul Ball, location: 2F
0-2: Ball
1-2: Foul Ball, location: 2F
1-2: Ball
2-2: SINGLE (Groundball, 4MD)
Ralph Young scores
Batting: LHB Tim Black 0-0: Called Strike
0-1: Ball
1-1: Swinging Strike
1-2: Fly out, F1 (Line Drive, 13)
Bottom of the 8th over - 1 run(s), 2 hit(s), 0 error(s), 1 left on base; Bishop Amat HS 9 - Tulsa HS 18
TOP OF THE 9TH
Bishop Amat HS batting - Pitching for Tulsa HS As : RHP Raúl Díaz
Batting: LHB Adam Roberts 0-0: DOUBLE (Line Drive, 7LS)
Batting: LHB Ralph King 0-0: Ball
1-0: Ball
2-0: Ball
3-0: Called Strike
3-1: Base on Balls
Batting: RHB Andrew Miller 0-0: Ball
1-0: Ball
2-0: Ball
3-0: Base on Balls
Adam Roberts to third
Ralph King to second
Batting: RHB Ken Pérez 0-0: Called Strike
0-1: Ball
1-1: Ball
2-1: Swinging Strike
2-2: Strikes out looking
Pitching: RHP Brian Gardner
Batting: RHB Ralph Petit 0-0: Called Strike
0-1: Called Strike
0-2: Ball
1-2: Foul Ball, location: 2F
1-2: Ball
2-2: Ball
3-2: Strikes out swinging
Batting: RHB Louis García 0-0: Ball
1-0: Foul Ball, location: 2F
1-1: Swinging Strike
1-2: Ball
2-2: Strikes out swinging
Top of the 9th over - 0 run(s), 1 hit(s), 0 error(s), 3 left on base; Bishop Amat HS 9 - Tulsa HS 18
Tuesday, August 8th, 2017 - OOTP Baseball 17.12 Build 75